 Dungeon Sprint DCSS version 0.28-a0-1190-g77e1c55843 (webtiles) character file.

Game seed: 15765153754031892782

2272 rocky1 the Basher (level 9, -11/101 HPs)
             Began as an Ogre Gladiator on Dec 19, 2021.
             Was a High Priest of Okawaru.
             Mangled by a phantasmal warrior (32 damage)
             ... in the Dungeon (Sprint VII: "The Pits").
             The game lasted 00:11:23 (2393 turns).

rocky1 the Basher (Ogre Gladiator)                  Turns: 2393, Time: 00:11:23

Health: -11/101    AC:  5    Str: 24    XL:     9   Next: 38%
Magic:  14/14      EV: 11    Int:  9    God:    Okawaru [*****.]
Gold:   0          SH:  0    Dex: 10    Spells: 8/8 levels left

rFire   . . .      SeeInvis .   w - +2 morningstar (vorpal)
rCold   . . .      Faith    .   (no shield)
rNeg    . . .      Spirit   .   b - +0 robe
rPois   .          Reflect  .   c - +0 hat
rElec   .          Harm     .   (no cloak)
rCorr   .          Rampage  .   (gloves unavailable)
Will    .....      NoTele   +   (boots unavailable)
Stlth   +.........              (no amulet)
HPRegen 0.26/turn               (no ring)
MPRegen 0.14/turn               (no ring)

@: confused, lethally poisoned (-11 -> -14)
A: large, unfitting armour, tough skin 1, iridescent scales 1
a: Renounce Religion, Heroism, Finesse


You were in the Dungeon.
You worshipped Okawaru.
Okawaru was extremely pleased with you.
You visited 1 branch

Inventory:

Hand Weapons
 o - a +0 war axe of venom
 v - a +1 vorpal broad axe
 w - a +2 vorpal morningstar (weapon)
Missiles
 d - 3 throwing nets
 n - a curare-tipped dart
 p - 2 silver javelins
 x - 6 boomerangs (quivered)
Armour
 b - a +0 robe (worn)
 c - a +0 hat (worn)
Jewellery
 q - a +3 ring of dexterity
 r - a +3 ring of evasion
Scrolls
 l - 5 scrolls of amnesia
Potions
 e - 3 potions of curing
 f - 3 potions of heal wounds
 g - 2 potions of haste
 h - 4 potions of magic
 i - 2 potions of berserk rage
 k - 2 potions of invisibility
 s - a potion of brilliance
 t - 2 potions of might
 u - a potion of mutation


   Skills:
 + Level 9.8 Fighting
 + Level 13.8 Maces & Flails
 - Level 3.9 Throwing
 + Level 6.0 Armour
 + Level 7.1 Dodging
 + Level 7.8 Invocations


You had 8 spell levels left.
You didn't know any spells.
Your spell library was empty.

Dungeon Overview and Level Annotations

Branches:
Dungeon (1/1)

Altars:
Ashenzari
Cheibriados
Dithmenos
Elyvilon
Fedhas
Gozag
Hepliaklqana
Kikubaaqudgha
Makhleb
Nemelex Xobeh
Okawaru
Qazlal
Ru
Sif Muna
Trog
Uskayaw
Vehumet
Wu Jian
Xom
Yredelemnul
Zin
The Shining One
Beogh
Jiyva
Lugonu


Innate Abilities, Weirdness & Mutations

You are too large for most types of armour.
You have tough skin. (AC +1)
You are partially covered in iridescent scales. (AC +2)


Message History

You are poisoned.
Unknown command.
You are engulfed in noxious fumes.
You feel sick.
The scorpion is engulfed in noxious fumes.
The scorpion appears confused.
The scorpion dies!
The swamp drake bites you!
Your Armour skill increases to level 6!
Unknown command.
You bludgeon the swamp drake!!
The swamp drake is severely wounded.
You are engulfed in noxious fumes.
You choke on the stench!
You are confused.
You feel sick.
You closely miss the swamp drake.
The swamp drake is severely wounded.
You are engulfed in noxious fumes.
You choke on the stench!
You are more confused.
You feel sick.
You are no longer poisoned.
The swamp drake breathes poison at you.
The noxious blast engulfs you but does no damage.
You are poisoned.
The phantasmal warrior gestures at you.
The phantasmal warrior blinks!
You bump into the metal wall.
You feel sick. The swamp drake bites you!
* * * LOW HITPOINT WARNING * * *
Unknown command.
You closely miss the phantasmal warrior.
The phantasmal warrior is lightly damaged.
You feel sick.
The phantasmal warrior closely misses you.
The swamp drake breathes poison at you.
The noxious blast engulfs you but does no damage.
You are more poisoned.
You bump into the metal wall.
You are engulfed in noxious fumes.
You choke on the stench!
You are more confused.
You feel sick. The phantasmal warrior hits you!!
You die...

############ #_________.#
#_________.#
#_______...###########++###
##########'##..............
#.?(.'))○○○##.°....#..#....
##########○##○.............
#.......○W@k○○.............
#'#####○#####...D..#..#....
#.#...#.#[[##..............
#.#...#.#))#####'#####''###
#.#...'.#))##.......##'÷###
#.##÷####.)##.......##hh...
#.#...).#..##.......##hh...
#.#.....#'###...<...##.....
#.#........##.......##...##


You could see a phantasmal warrior, a swamp drake (catching breath) and a steam
dragon (confused).

Vanquished Creatures
  A death knight (D)
  Grinder (D)
  A wyvern (D)
  A floating eye (D)
  An orc warrior (D)
  A necrophage (D)
  8 wolves (D)
  A centaur (D)
  A kobold brigand (D)
  A crimson imp (D)
  2 orc priests (D)
  A gnoll shaman (D)
  An orc wizard (D)
  5 gnolls (D)
  A river rat (D)
  2 ufetubi (D)
  4 orcs (D)
  A bat skeleton (D)
  A bat zombie (D)
  2 endoplasms (D)
  A bat (D)
  A jackal skeleton (D)
  A rat (D)
40 creatures vanquished.

Vanquished Creatures (others)
  A wolf (D)
  A scorpion (D)
2 creatures vanquished.

Grand Total: 42 creatures vanquished

Notes
Turn   | Place    | Note
-------+----------+-------------------------------------------
     0 | D        | rocky1 the Ogre Gladiator began the quest for the Orb.
     0 | D        | Reached XP level 1. HP: 22/22 MP: 1/1
    18 | D        | Reached skill level 3 in Maces & Flails
    22 | D        | Found a bloodstained altar of Trog.
    22 | D        | Found a shimmering blue altar of Sif Muna.
    22 | D        | Found a viscous altar of Jiyva.
    22 | D        | Found a hazy altar of Hepliaklqana.
    22 | D        | Found an opulent altar of Gozag.
    23 | D        | Found a glowing golden altar of the Shining One.
    23 | D        | Found a glowing silver altar of Zin.
    23 | D        | Found a basalt altar of Yredelemnul.
    23 | D        | Found a shimmering altar of Xom.
    23 | D        | Found an ornate altar of the Wu Jian Council.
    23 | D        | Found a sacrificial altar of Ru.
    23 | D        | Found a stormy altar of Qazlal.
    23 | D        | Found an iron altar of Okawaru.
    23 | D        | Found a sparkling altar of Nemelex Xobeh.
    23 | D        | Found a burning altar of Makhleb.
    23 | D        | Found a blossoming altar of Fedhas.
    23 | D        | Found a white marble altar of Elyvilon.
    23 | D        | Found a shadowy altar of Dithmenos.
    23 | D        | Found a snail-covered altar of Cheibriados.
    25 | D        | Found a radiant altar of Vehumet.
    25 | D        | Found a corrupted altar of Lugonu.
    26 | D        | Found a hide-covered altar of Uskayaw.
    26 | D        | Found an ancient bone altar of Kikubaaqudgha.
    26 | D        | Found a broken altar of Ashenzari.
    31 | D        | Became a worshipper of Warmaster Okawaru
    67 | D        | Noticed a floating eye
    69 | D        | Paralysed by a floating eye for 4 turns
    76 | D        | Paralysed by a floating eye for 3 turns
    81 | D        | Killed a floating eye
    81 | D        | Reached * piety under Okawaru
    81 | D        | Reached ** piety under Okawaru
    82 | D        | Reached skill level 5 in Fighting
    82 | D        | Reached skill level 4 in Maces & Flails
    82 | D        | Reached XP level 2. HP: 30/35 MP: 1/4
    82 | D        | Reached XP level 3. HP: 36/42 MP: 1/5
    82 | D        | Reached XP level 4. HP: 43/50 MP: 1/6
   541 | D        | Reached skill level 5 in Maces & Flails
   552 | D        | Reached XP level 5. HP: 23/57 MP: 7/7
   571 | D        | Reached skill level 6 in Maces & Flails
   821 | D        | Noticed Grinder
   836 | D        | Killed Grinder
   837 | D        | Reached skill level 10 in Maces & Flails
   837 | D        | Reached XP level 6. HP: 65/66 MP: 6/8
   842 | D        | Noticed a necrophage
   864 | D        | Reached skill level 11 in Maces & Flails
   875 | D        | Killed a necrophage
   875 | D        | Reached *** piety under Okawaru
   876 | D        | Reached XP level 7. HP: 56/72 MP: 9/9
   892 | D        | Reached skill level 12 in Maces & Flails
  1527 | D        | Noticed a wyvern
  1527 | D        | Noticed a death knight
  1538 | D        | Killed a wyvern
  1539 | D        | Reached XP level 8. HP: 33/84 MP: 8/11
  1541 | D        | Reached skill level 13 in Maces & Flails
  1563 | D        | Killed a death knight
  1563 | D        | Reached **** piety under Okawaru
  1563 | D        | Received a gift from Okawaru
  1570 | D        | Reached skill level 5 in Armour
  1968 | D        | Gained mutation: You are partially covered in iridescent
                  | scales. (AC +2) [potion of mutation]
  2050 | D        | Received a gift from Okawaru
  2051 | D        | Reached XP level 9. HP: 58/97 MP: 12/14
  2350 | D        | Reached ***** piety under Okawaru
  2350 | D        | Noticed a phantasmal warrior
  2393 | D        | Mangled by a phantasmal warrior

Illustrated notes

Levels and vault maps discovered:
D:        pitsprint [storerooms_1, entrance_room_1, metal_vault_4, armoury_2,
          mini_pit_1, grid_room_1, main_hall_1, silver_pit, the_coven_1,
          the_vestibule_1, steel_vault_2, golden_pit, hallway_of_sentries,
          crystal_vault_2, iron_vault_4, final_vault]

Skill      XL: |  1  2  3  4  5  6  7  8  9 |
---------------+----------------------------+-----
Maces & Flails | 4 5 10 11 12 13 | 13.8
Fighting       | 5 6 8 9 |  9.8
Throwing       | 3 |  3.9
Armour         | 2 3 5 6 |  6.0
Dodging        | 4 6 7 |  7.1
Invocations    | 3 4 6 7 |  7.8

Action                   |  1- 3 |  4- 6 |  7- 9 || total
-------------------------+-------+-------+-------++-------
Melee: Flail             |    12 |    30 |       ||    42
       Mace              |       |    39 |    98 ||   137
       Punch             |       |       |     3 ||     3
       Morningstar       |       |       |    24 ||    24
       War axe           |       |       |     6 ||     6
Throw: Dart              |       |       |     1 ||     1
Invok: Heroism           |       |     1 |     2 ||     3
  Use: Potion            |       |       |    12 ||    12
       Scroll            |       |       |     1 ||     1
Armor: Robe              |     4 |    26 |    26 ||    56
Dodge: Dodged            |     9 |    39 |    62 ||   110

Table legend: (Time is in decaauts)
 A = Elapsed time spent in this place.
 B = Non-inter-level travel time spent in this place.
 C = Inter-level travel time spent in this place.
 D = Time resting spent in this place.
 E = Time spent auto-exploring this place.
 F = Levels seen in this place.
 G = Mean time per level.
                   A        B        C        D        E       F      G
               +--------+--------+--------+--------+--------+-----+--------+
         Total |   2374 |   2374 |      0 |   1805 |      0 |   1 | 2374.0 |
       Dungeon |   2374 |   2374 |      0 |   1805 |      0 |   1 | 2374.0 |
               +--------+--------+--------+--------+--------+-----+--------+

Top non-repeatable levels by time:
       D: 2374 daAuts
